 Dungeon Crawl Stone Soup version 0.27.1-33-g824d729ab1 (webtiles) character file.

Game seed: 4225109461755081816

123 alasdair19 the Covered (level 4, -9/40 HPs)
             Began as a Minotaur Fighter on Dec 9, 2021.
             Mangled by an orc warrior (10 damage)
             ... on level 3 of the Dungeon.
             The game lasted 00:04:24 (2329 turns).

alasdair19 the Covered (Minotaur Fighter)           Turns: 2329, Time: 00:04:25

Health: -9/40      AC:  7    Str: 21    XL:     4   Next: 80%
Magic:  3/3        EV:  7    Int:  6    God:
Gold:   63         SH:  9    Dex:  9    Spells: 3/3 levels left

rFire    . . .     SeeInvis .   a - +0 long sword
rCold    . . .     Faith    .   c - +0 kite shield
rNeg     . . .     Spirit   .   b - +0 scale mail
rPois    .         Reflect  .   (helmet restricted)
rElec    .         Harm     .   (no cloak)
rCorr    .         Rampage  .   (no gloves)
Will     .....                  (no boots)
Stlth    ..........             (no amulet)
HPRegen  0.13/turn              (no ring)
MPRegen  0.08/turn              (no ring)

@: attractive, flying
A: horns 2, retaliatory headbutt
a: no special abilities


You were on level 3 of the Dungeon.
You visited 1 branch of the dungeon, and saw 3 of its levels.

You collected 63 gold pieces.

Inventory:

Hand Weapons
 a - a +0 long sword (weapon)
Missiles
 i - 3 boomerangs (quivered)
Armour
 b - a +0 scale mail (worn)
 c - a +0 kite shield (worn)
Jewellery
 d - an amulet of magic regeneration
 j - a ring of fire
Wands
 k - a wand of flame (19)
Scrolls
 e - 3 scrolls of enchant weapon {unknown}
 g - a scroll of enchant armour {unknown}
 h - 3 scrolls of identify {unknown}
 m - a scroll of brand weapon {unknown}
Potions
 l - 2 potions of attraction


   Skills:
 + Level 4.3 Fighting
 + Level 4.1 Long Blades
 * Level 1.3 Throwing
 + Level 4.3 Armour
 + Level 4.3 Shields


You had 3 spell levels left.
You didn't know any spells.
Your spell library was empty.

Dungeon Overview and Level Annotations

Branches:
Dungeon (3/15)

Altars:
Dithmenos


Innate Abilities, Weirdness & Mutations

You have a pair of horns on your head.
You reflexively headbutt those who attack you in melee.


Message History

The orc hits you from afar with a +0 trident.
The orc hits you with a +0 flail. The rat bites you but does no damage.
You slash the rat!
You kill the rat!
The orc barely misses you. You block the orc's attack.
It was a potion of attraction.
You feel attractive to monsters. You block the orc's attack.
Found a stone staircase leading down.
The orc warrior is pulled toward you! The orc is pulled toward you! x3
Things that are here:
a rat corpse; a ball python corpse An orc comes into view.
It is wielding a +0 flail of draining.
The orc warrior is pulled toward you! The orc is pulled toward you! x3
The orc shouts!
The orc warrior barely misses you. You block the orc's attack.
The orc warrior is pulled toward you!
You hit the orc. Your headbutt misses the orc.
The orc is lightly wounded.
The orc warrior barely misses you. You furiously retaliate!
You headbutt the orc warrior! The orc closely misses you.
You furiously retaliate!
You headbutt the orc. The orc warrior barely misses you.
You slash the orc!
You kill the orc!
The orc warrior hits you with a +0 halberd!
You barely miss the orc warrior. Your headbutt misses the orc warrior.
The orc warrior is heavily wounded.
You block the orc warrior's attack.
You barely miss the orc warrior.
The orc warrior is heavily wounded.
The orc warrior hits you with a +0 halberd!
* * * LOW HITPOINT WARNING * * *
The orc warrior hits you but does no damage.
You block the orc warrior's attack. The orc warrior is pulled toward you!
The orc is pulled toward you!
Things that are here:
a +0 flail of draining; an orc corpse The orc warrior hits you from afar with a +0 halberd!
You die...

#...... #.....
##..... ♣♣
#...#.##### P♣
#..o†.o.######P♣ ≈.
#
###o###oo#.>...♣♣≈.
#. #o#
##o....../P≈.
#..##)#
###.......P. #...@#
#.........
.#####.##
#.........
.....#.<###
#o......♣≈
#......###.......♣
###.##.#..o......#
#.......#o........
#...............).
#..#.##..#######..
#..... #..# ## ..


You could see an orc warrior and 2 orcs.

Vanquished Creatures
  An orc wizard (D:2)
  3 adders (D:2)
  An adder skeleton (D:2)
  A worm (D:2)
  3 dart slugs
  3 orcs
  An endoplasm (D:2)
  3 giant cockroaches
  6 goblins
  4 hobgoblins
  4 jackals (D:2)
  3 quokkas (D:1)
  3 ball pythons
  3 bats
  2 frilled lizards
  4 kobolds (D:1)
  13 rats
58 creatures vanquished.

Notes
Turn   | Place    | Note
-------+----------+-------------------------------------------
     0 | D:1      | alasdair19 the Minotaur Fighter began the quest for the
                  | Orb.
     0 | D:1      | Reached XP level 1. HP: 19/19 MP: 0/0
   317 | D:1      | Reached XP level 2. HP: 27/27 MP: 1/1
  1227 | D:2      | Reached XP level 3. HP: 27/33 MP: 2/2
  1421 | D:2      | Found a faded altar of an unknown god.
  1500 | D:2      | Reached XP level 4. HP: 40/40 MP: 3/3
  1665 | D:2      | Reached skill level 1 in Throwing
  2297 | D:3      | Found a shadowy altar of Dithmenos.
  2301 | D:3      | Noticed an orc warrior
  2327 | D:3      | HP: 1/40 [orc warrior (15)]
  2329 | D:3      | Mangled by an orc warrior

Illustrated notes

Levels and vault maps discovered:
D:1:      evilmike_arrival_crescent, layout_basic, columned_hall_lemuel
D:2:      layout_loops_ring, hellmonk_ecumenical_altar_dog_temple,
          minmay_misc_feat_room, minmay_rat_gold_closets
D:3:      layout_rooms, lemuel_doored_altar, serial_aquarium,
          aquarium_bridge_straight [aquarium_subvault_bridge,
          aquarium_subvault_window, aquarium_subvault_bridge,
          aquarium_subvault_window], aquarium_bridge_straight
          [aquarium_subvault_bridge, aquarium_subvault_wall,
          aquarium_subvault_bridge, aquarium_subvault_window],
          aquarium_window_fake, aquarium_window_1, aquarium_view_2b,
          aquarium_balcony_double_1, serial_bayou_lagoon_b

Skill      XL: |  1  2  3  4 |
---------------+-------------+-----
Shields        | 4 |  4.3
Fighting       | 4 |  4.3
Armour         | 4 |  4.3
Long Blades    | 3 4 |  4.1
Throwing       | 1 |  1.3

Action                   |  1- 3 |  4- 6 || total
-------------------------+-------+-------++-------
Melee: Long sword        |    79 |    60 ||   139
       Headbutt          |    15 |     8 ||    23
Throw: Boomerang         |     4 |       ||     4
  Use: Potion            |       |     3 ||     3
Armor: Scale mail        |    31 |    28 ||    59
Dodge: Dodged            |    22 |    18 ||    40
Block: Kite shield       |    43 |    32 ||    75
       Rpst.: Long sword |     7 |     5 ||    12
